 Dungeon Crawl Stone Soup version 0.31-a0-965-g8a8ce12e04 (webtiles) character file.

Game seed: 13625436842164633085

869 Pixllover the Cudgeller (level 7, 0/71 HPs)
             Began as a Troll Fighter on Oct 26, 2023.
             Slain by an orc wizard
             ... wielding a +0 dagger
              (2 damage)
             ... on level 5 of the Dungeon.
             The game lasted 00:06:51 (3611 turns).

Pixllover the Cudgeller (Troll Fighter)             Turns: 3611, Time: 00:06:53

Health: 0/71       AC:  4    Str: 27    XL:     7   Next: 73%
Magic:  6/6        EV:  9    Int:  4    God:
Gold:   146        SH:  0    Dex:  9    Spells: 6/6 levels left

rFire   . . .        a - +0 flail
rCold   . . .        c - +0 kite shield
rNeg    . . .        b - +0 robe
rPois   .            (helmet restricted)
rElec   .            (no cloak)
rCorr   .            (gloves unavailable)
SInv    .            (boots unavailable)
Will    .....        (no amulet)
Stlth   +            (no ring)
HPRegen 1.11/turn    (no ring)
MPRegen 0.10/turn

%: no passive effects
@: confused
A: large, unfitting armour, claws 3, regeneration 1, shaggy fur 1, tough skin 1
a: no special abilities


You were on level 5 of the Dungeon.
You visited 1 branch of the dungeon, and saw 5 of its levels.
You also visited: Ossuary.

You collected 146 gold pieces.

Inventory:

Hand Weapons
 a - a +0 flail (weapon)
 o - a +0 giant club
 B - a +0 war axe
Missiles
 f - 13 poisoned darts (quivered)
Armour
 b - a +0 robe (worn)
 c - a +0 kite shield (worn)
Wands
 y - a wand of flame (8)
 A - a wand of light (6)
Scrolls
 g - 2 scrolls of teleportation
 h - 5 scrolls of amnesia
 k - 2 scrolls of brand weapon {unknown}
 n - 5 scrolls of identify
 q - 2 scrolls of enchant weapon {unknown}
 r - 2 scrolls of poison {unknown}
 s - a scroll of blinking {unknown}
 t - a scroll of vulnerability {unknown}
 w - 3 scrolls of immolation {unknown}
 z - a scroll of noise {unknown}
Potions
 d - a potion of might
 e - a potion of curing {unknown}
 i - a potion of cancellation
 j - 2 potions of brilliance
 l - a potion of mutation
 m - a potion of invisibility {unknown}
 p - a potion of ambrosia {unknown}
 u - 3 potions of haste {unknown}
 v - 2 potions of lignification {unknown}
 x - 2 potions of heal wounds {unknown}


   Skills:
 * Level 4.4 Fighting
 + Level 5.0 Maces & Flails
 + Level 0.1 Throwing
 + Level 3.9 Dodging
 + Level 0.5 Stealth
 + Level 4.3 Shields


You had 6 spell levels left.
You didn't know any spells.
Your spell library contained the following spells:

 Spells                   Type           Power      Damage    Failure   Level
 Necrotise                Necr           0%         1d4       73%         1
 Poisonous Vapours        Pois/Air       0%         N/A       86%         2
 Sublimation of Blood     Necr           0%         N/A       86%         2
 Inner Flame              Hex/Fire       0%         N/A       97%         3
 Mephitic Cloud           Conj/Pois/Air  0%         N/A       97%         3
 Vampiric Draining        Necr           0%         2d6       97%         3
 Petrify                  Tmut/Erth      0%         N/A       100%        4
 Agony                    Necr           0%         N/A       100%        5
 Freezing Cloud           Conj/Ice/Air   0%         6-21      100%        5
 Irradiate                Conj/Tmut      0%         3d11      100%        5
 Yara's Violent Unravell  Hex/Tmut       0%         3d3       100%        5
 Enfeeble                 Hex            0%         N/A       100%        7


Dungeon Overview and Level Annotations

Branches:
Dungeon (5/15)            Ossuary (visited)
 Temple: D:4-7

Altars:
Elyvilon
Hepliaklqana
Ru
Zin


Innate Abilities, Weirdness & Mutations

You are too large for most types of armour.
You have claws for hands.
Your natural rate of healing is unusually fast.
You are covered in fur. (AC +1)
You have tough skin. (AC +1)


Message History

The orc priest miscasts a cantrip.
The orc wizard hits you but does no damage.
The orc priest barely misses you. The orc barely misses you.
Your Maces & Flails skill increases to level 5!
The orc wizard points at you and mumbles some strange words.
You are confused.
The orc priest hits you with a +0 hand axe.
Things that are here:
a +0 club; a +0 leather armour Unknown command.
You sock the orc wizard!
The orc wizard is severely wounded.
The orc priest misses you. The orc wizard completely misses you.
The orc priest hits you with a +0 hand axe.
The orc hits you with a +0 club.
You bump into the rock wall.
The orc priest hits you with a +0 mace. The orc wizard misses you.
The orc priest hits you with a +0 hand axe.
The orc barely misses you.
You sock the orc priest!
The orc priest is almost dead.
The orc priest hits you with a +0 mace.
The orc wizard hits you with a +0 dagger.
The orc hits you with a +0 club.
The orc priest invokes the aid of Beogh against you.
Pain shoots through your body!
* * * LOW HITPOINT WARNING * * *
You bump into the rock wall.
The orc priest hits you but does no damage.
The orc wizard gestures at you while chanting.
You are more confused.
The orc closely misses you.
The orc priest begins to cast a cantrip, but forgets the words!
You barely miss the orc priest.
The orc priest is almost dead.
The orc priest mumbles some strange prayers to Beogh against you.
Beogh smites you!
* * * LOW HITPOINT WARNING * * *
The orc wizard hits you with a +0 dagger.
You die...

#... ##..
#.####..#
#<...#.##
####...#
######...### #
###...........
#.
##...##########
#####.####..###
......o@##.##
......ooo..#
.........###
........##
........#
.>......#
........#
#########


You could see 2 orc priests, an orc wizard and an orc.

Vanquished Creatures
  A black bear (D:5)
  2 ogres (D:5)
  2 water moccasin zombies (Ossuary)
  6 hounds
  An orc priest (D:5)
  3 iguanas
  2 mummies (Ossuary)
  6 adders
  A white imp (D:5)
  5 adder zombies (Ossuary)
  A worm (D:3)
  3 dart slugs
  8 orcs (D:5)
  5 ball pythons
  5 bats
  3 endoplasms
  4 giant cockroaches
  5 gnoll zombies (Ossuary)
  10 goblins
  3 hobgoblins
  4 jackals
  8 kobolds
  2 quokkas
  A frilled lizard (D:2)
  A goblin zombie (D:4)
  5 hobgoblin zombies (Ossuary)
  4 kobold zombies (Ossuary)
  6 orc zombies (Ossuary)
  2 rats
109 creatures vanquished.

Vanquished Creatures (others)
  2 orc wizards (D:5)
2 creatures vanquished.

Grand Total: 111 creatures vanquished

Notes
Turn   | Place    | Note
-------+----------+-------------------------------------------
     0 | D:1      | Pixllover the Troll Fighter began the quest for the Orb.
     0 | D:1      | Reached XP level 1. HP: 22/22 MP: 0/0
   267 | D:1      | Reached XP level 2. HP: 24/29 MP: 1/1
   418 | D:1      | Reached skill level 2 in Maces & Flails
   777 | D:2      | Reached XP level 3. HP: 29/36 MP: 2/2
   840 | D:2      | Found a glowing silver altar of Zin.
  1431 | D:3      | Reached XP level 4. HP: 44/44 MP: 3/3
  2062 | D:4      | Found a sand-covered staircase.
  2076 | D:4      | Reached skill level 3 in Maces & Flails
  2095 | Ossuary  | Entered an ossuary
  2139 | Ossuary  | Reached XP level 5. HP: 53/53 MP: 4/4
  2252 | Ossuary  | Reached XP level 6. HP: 61/61 MP: 5/5
  2543 | D:4      | Found a sacrificial altar of Ru.
  2544 | D:4      | Found a hazy altar of Hepliaklqana.
  2548 | D:4      | Found a white marble altar of Elyvilon.
  2713 | D:4      | Reached skill level 4 in Maces & Flails
  3011 | D:4      | Noticed an orc warrior
  3108 | D:5      | Entered Level 5 of the Dungeon
  3148 | D:5      | Reached XP level 7. HP: 56/70 MP: 6/6
  3606 | D:5      | Reached skill level 5 in Maces & Flails
  3611 | D:5      | HP: 2/71 [orc priest/divine providence (11)]
  3611 | D:5      | Slain by an orc wizard

Illustrated notes

Levels and vault maps discovered:
D:1:      minmay_arrival_loop, layout_basic, minmay_hexomino_p4
D:2:      layout_rooms, basic_altar
D:3:      layout_basic
D:4:      minmay_spotlight, layout_loops_corners, grunt_temple_overflow_open,
          enter_ossuary_3
D:5:      layout_rooms, minmay_temple_entry_nine_rooms, st_stairs_4,
          nicolae_eternal_life

Skill      XL: |  1  2  3  4  5  6  7 |
---------------+----------------------+-----
Maces & Flails | 2 3 4 5 |  5.0
Shields        | 3 4 |  4.3
Fighting       | 3 4 |  4.4
Dodging        | 3 |  3.9
Throwing       | |  0.1
Stealth        | |  0.5

Action                     |  1- 3 |  4- 6 |  7- 9 || total
---------------------------+-------+-------+-------++-------
  Melee: Flail             |   101 |   253 |    81 ||   435
  Throw: Dart              |       |     3 |       ||     3
    Use: Scroll            |     5 |     1 |       ||     6
 Armour: Robe              |    83 |   174 |    83 ||   340
  Dodge: Dodged            |    55 |    90 |    55 ||   200
  Block: Kite shield       |    49 |   113 |    41 ||   203

Table legend: (Time is in decaauts)
 A = Elapsed time spent in this place.
 B = Non-inter-level travel time spent in this place.
 C = Inter-level travel time spent in this place.
 D = Time resting spent in this place.
 E = Time spent auto-exploring this place.
 F = Levels seen in this place.
 G = Mean time per level.
                   A        B        C        D        E       F      G
               +--------+--------+--------+--------+--------+-----+--------+
         Total |   3759 |   3699 |     60 |    124 |   2019 |   6 |  626.5 |
       Dungeon |   3467 |   3407 |     60 |    124 |   2019 |   5 |  693.4 |
       Ossuary |    292 |    292 |      0 |      0 |      0 |   1 |  292.0 |
               +--------+--------+--------+--------+--------+-----+--------+

Top non-repeatable levels by time:
     D:4: 957 daAuts
     D:3: 774 daAuts
     D:1: 658 daAuts
     D:2: 549 daAuts
     D:5: 527 daAuts
 Ossuary: 292 daAuts
